 Dungeon Sprint DCSS version 0.24-a0-537-g2d01d4a (webtiles) character file.

Game seed: 15380800006785937615

700 silentkaos13 the Carver (level 7, -3/74 HPs)
             Began as a Minotaur Monk on Aug 15, 2019.
             Slain by a human (13 damage)
             ... in the Dungeon (Sprint III: "The Ten Rune Challenge").
             The game lasted 00:02:10 (671 turns).

silentkaos13 the Carver (Minotaur Monk)              Turns: 671, Time: 00:02:11

Health: -3/74      AC:  3    Str: 17    XL:     7   Next: 38%
Magic:  6/6        EV: 17    Int:  7    God:
Gold:   30         SH:  0    Dex: 13    Spells: 6/6 levels left

rFire    . . .     SeeInvis .   s - +2 long sword (holy)
rCold    . . .     Gourm    .   (no shield)
rNeg     . . .     Faith    .   b - +0 robe
rPois    .         Spirit   .   (helmet restricted)
rElec    .         Reflect  .   l - +0 cloak
rCorr    .         Harm     .   (no gloves)
MR       .....     NoTele   +   (no boots)
Stlth    +++.......             (no amulet)
HPRegen  0.22/turn              (no ring)
MPRegen  0.10/turn              (no ring)

@: no status effects
A: retaliatory headbutt, horns 2
a: no special abilities


You were in the Dungeon.
You were not hungry.

You visited 1 branch You collected 30 gold pieces.

Inventory:

Hand Weapons
 a - a +0 falchion
 s - a +2 long sword of holy wrath (weapon)
Armour
 b - a +0 robe (worn)
 j - a +1 helmet
 l - a +0 cloak (worn)
Wands
 k - a wand of polymorph (7)
Scrolls
 i - a scroll of blinking
 n - a scroll of immolation {unknown}
 o - 3 scrolls of identify
 p - 4 scrolls of remove curse
 r - a scroll of torment {unknown}
Potions
 d - a potion of curing
 f - a potion of haste
 g - 2 potions of magic
 h - a potion of berserk rage
 m - 5 potions of mutation
 q - 3 potions of flight
Comestibles
 c - 3 rations


   Skills:
 + Level 11.1 Fighting
 + Level 12.2 Long Blades
 + Level 9.3 Dodging
 + Level 4.3 Stealth


You had 6 spell levels left.
You didn't know any spells.
Your spell library contained the following spells:

 Spells                   Type           Power        Failure   Level  Hunger
 Animate Skeleton         Necr           N/A          43%         1    ##.....
 Apportation              Tloc           #.....       43%         1    ##.....
 Confusing Touch          Hex            #.....       43%         1    ##.....
 Summon Small Mammal      Summ           #...         43%         1    ##.....


Dungeon Overview and Level Annotations

Branches:
Dungeon (1/1)

Altars:
Elyvilon
Kikubaaqudgha
Okawaru
Sif Muna
Trog
Uskayaw
Vehumet
Wu Jian
Zin
The Shining One
Beogh


Innate Abilities, Weirdness & Mutations

You reflexively headbutt those who attack you in melee.
You have a pair of horns on your head.


Message History

The human is almost dead.
The human hits you.
* * * LOW HITPOINT WARNING * * *
The human barely misses you.
You feel much better. The human hits you!
* * * LOW HITPOINT WARNING * * *
The human barely misses you.
You slash the human!
You kill the human!
Your Fighting skill increases to level 11!
Your Long Blades skill increases to level 12!
Your Dodging skill increases to level 9!
The human hits you!
* * * LOW HITPOINT WARNING * * *
The human misses you.
There is an open door here.
The human hits you.
* * * LOW HITPOINT WARNING * * *
The human hits you!
You die...

▓▓▓▓ ▓▓▓ ...####
##.#########
......#####..#___#___#
.......#..#..#...#__)#
#.##...#..#..###'#'###+##
#.###..##'#..#..........#
##.##..###...'÷⌠p.......#
..##..####...#..@######+#
..##..###....#.⌠.#
.##...##.....#...#
##....#......#'###
##..##.#)....#.))# #..
####....#___# ▓▓▓
▓▓▓▓▓▓▓▓▓▓


You could see a human (berserk).

Vanquished Creatures
  A deep elf mage (D)
  A water elemental (D)
  Crazy Yiuf (D)
  A wizard (D)
  2 humans (D)
  A kobold demonologist (D)
  An ooze (D)
  3 rats (D)
11 creatures vanquished.

Vanquished Creatures (others)
  2 draconian scorchers (D)
  6 hellions (D)
  A yaktaur (D)
9 creatures vanquished.

Grand Total: 20 creatures vanquished

Notes
Turn   | Place    | Note
-------+----------+-------------------------------------------
     0 | D        | silentkaos13 the Minotaur Monk began the quest for the Orb.
     0 | D        | Reached XP level 1. HP: 19/19 MP: 0/0
    12 | D        | Reached skill level 4 in Long Blades
    82 | D        | Killed a hellion
    87 | D        | Noticed Crazy Yiuf
    92 | D        | Reached skill level 5 in Fighting
    92 | D        | Reached skill level 5 in Long Blades
    92 | D        | Reached XP level 2. HP: 29/29 MP: 1/1
    98 | D        | Killed Crazy Yiuf
    98 | D        | Reached skill level 6 in Long Blades
    98 | D        | Reached skill level 5 in Dodging
    98 | D        | Reached XP level 3. HP: 37/37 MP: 2/2
   147 | D        | Killed a white draconian scorcher
   182 | D        | Killed a hellion
   192 | D        | Killed a hellion
   197 | D        | Killed a hellion
   203 | D        | Killed a hellion
   204 | D        | Noticed a water elemental
   214 | D        | Killed a water elemental
   214 | D        | Reached skill level 7 in Long Blades
   214 | D        | Reached XP level 4. HP: 24/47 MP: 3/3
   215 | D        | Killed a white draconian scorcher
   251 | D        | Killed a yaktaur
   256 | D        | Killed a hellion
   335 | D        | Found a glowing silver altar of Zin.
   335 | D        | Found a glowing golden altar of the Shining One.
   335 | D        | Found a white marble altar of Elyvilon.
   336 | D        | Noticed a deep elf mage
   365 | D        | Killed a deep elf mage
   365 | D        | Reached skill level 10 in Fighting
   365 | D        | Reached skill level 11 in Long Blades
   365 | D        | Reached XP level 5. HP: 10/59 MP: 4/4
   365 | D        | Reached XP level 6. HP: 11/67 MP: 5/5
   638 | D        | Found a radiant altar of Vehumet.
   638 | D        | Found a shimmering blue altar of Sif Muna.
   638 | D        | Found an ancient bone altar of Kikubaaqudgha.
   640 | D        | Reached XP level 7. HP: 73/73 MP: 6/6
   654 | D        | Found a hide-covered altar of Uskayaw.
   654 | D        | Found a roughly hewn altar of Beogh.
   654 | D        | Found an iron altar of Okawaru.
   654 | D        | Found a bloodstained altar of Trog.
   654 | D        | Found an ornate altar of the Wu Jian Council.
   654 | D        | Noticed a human
   655 | D        | Noticed a human
   667 | D        | Killed a human
   667 | D        | Reached skill level 12 in Long Blades
   671 | D        | Slain by a human

Levels and vault maps discovered:
D:        dungeon_sprint_mu [sprint_mu_entry_cave, sprint_mu_temple_rooms,
          sprint_mu_d1_spiders, sprint_mu_d2_genie, sprint_mu_d3_branching,
          sprint_mu_orc_legion, sprint_mu_elf_gauntlet, sprint_mu_hive_nellie,
          sprint_mu_lair_fedhas, sprint_mu_vaults_butterflies,
          sprint_mu_slime_circle, sprint_mu_shoals_kraken,
          sprint_mu_snake_twists, sprint_mu_blade_basic, sprint_mu_crypt_lich,
          sprint_mu_tomb_spiral, sprint_mu_vestibule_basic,
          sprint_mu_gehenna_hellfire, sprint_mu_dis_giant,
          sprint_mu_tartarus_statrot, sprint_mu_cocytus_islands, sprint_mu_zot1]

Skill      XL: |  1  2  3  4  5  6  7 |
---------------+----------------------+-----
Fighting       | 5 7 10 11 | 11.1
Long Blades    | 5 6 7 11 12 | 12.2
Dodging        | 4 5 6 8 9 |  9.3
Stealth        | 2 4 |  4.3

Action                   |  1- 3 |  4- 6 |  7- 9 || total
-------------------------+-------+-------+-------++-------
Melee: Falchion          |    21 |    21 |       ||    42
       Headbutt          |     5 |     2 |     2 ||     9
       Long sword        |       |     1 |    12 ||    13
  Use: Potion            |       |       |     1 ||     1
 Stab: Sleeping          |     1 |     1 |       ||     2
Armor: Robe              |       |     1 |     1 ||     2
Dodge: Dodged            |     9 |     7 |    10 ||    26
       Rpst.: Falchion   |     4 |     2 |       ||     6
       Long sword        |       |       |     1 ||     1

Table legend:
 A = Non-vault XP
 B = Vault XP
 C = Vault XP percentage of total XP
 D = Non-vault monster count
 E = Vault monster count
 F = Vault count percentage of total count
                 A         B        C        D         E       F
            +---------+---------+-------+---------+---------+-------
      Total |       0 |    1000 | 100.0 |       0 |      11 | 100.0
            +---------+---------+-------+---------+---------+-------
          D |       0 |    1000 | 100.0 |       0 |      11 | 100.0
            +---------+---------+-------+---------+---------+-------
